 Dungeon Crawl Stone Soup version 0.31-a0-182-gc5ef74bbde (webtiles) character file.

Game seed: 8169186613182668562

26 qw the Shield-Bearer (level 3, -3/23 HPs)
             Began as a Gargoyle Fighter on June 20, 2023.
             Slain by Sigmund
             ... wielding a +0 scythe
              (5 damage)
             ... on level 2 of the Dungeon.
             The game lasted 00:00:30 (927 turns).

qw the Shield-Bearer (Gargoyle Fighter)              Turns: 927, Time: 00:00:31

Health: -3/23      AC: 12    Str: 21    XL:     3   Next: 8%
Magic:  3/3        EV:  7    Int:  8    God:
Gold:   48         SH:  4    Dex:  9    Spells: 2/2 levels left

rFire   . . .        Y - +0 war axe
rCold   . . .        c - +0 buckler
rNeg    + . .        f - +0 chain mail
rPois   inf          (no helmet)
rElec   +            (no cloak)
rCorr   .            (no gloves)
SInv    .            (no boots)
Will    .....        (no amulet) Stlth
                     (no ring)
HPRegen 0.23/turn    (no ring)
MPRegen 0.08/turn

%: no passive effects
@: no status effects
A: sickness immunity, AC +3, negative energy resistance 1, electricity
resistance, torment resistance 1, petrification resistance
a: no special abilities


You were on level 2 of the Dungeon.
You visited 1 branch of the dungeon, and saw 2 of its levels.

You collected 48 gold pieces.


Innate Abilities, Weirdness & Mutations

You are immune to sickness and miasma.
Your stone body is resilient. (AC +3)
You are immune to poison.
You resist negative energy. (rN+)
You are resistant to electric shocks. (rElec)
You are resistant to unholy torment.
You are immune to petrification.


   Skills:
 - Level 3.2 Fighting
 + Level 3.1 Axes
 - Level 3.2 Armour
 - Level 3.2 Shields


You had 2 spell levels left.
You didn't know any spells.
Your spell library was empty.

Inventory:

Hand Weapons
 h - a +0 flail
 Y - a +0 war axe (weapon)
Missiles
 j - 3 boomerangs (quivered)
Armour
 c - a +0 buckler (worn)
 f - a +0 chain mail (worn)
Jewellery
 a - the amulet "Qoiziwk" {rElec rC- rN+ Regen+}
   (You found it on level 2 of the Dungeon)

   [amulet of regeneration]

   rC:        It makes you vulnerable to cold.
   rElec:     It insulates you from electricity.
   rN:        It protects you from negative energy.
   Regen:     It increases your rate of health regeneration.
Scrolls
 b - a scroll of teleportation {unknown}
Potions
 d - a potion of might

Dungeon Overview and Level Annotations

Branches:
Dungeon (2/15)

Altars:

Annotations:
D:2 Sigmund


Message History

The hobgoblin hits you but does no damage.
The hobgoblin barely misses you. Sigmund hits you with a +0 scythe.
You feel less confused.
The hobgoblin hits you but does no damage.
You barely miss Sigmund.
Sigmund is severely wounded.
You slash the hobgoblin!
You kill the hobgoblin!
Sigmund mumbles some strange words.
Sigmund flickers and vanishes!
Deactivating autopickup; reactivate with Ctrl-A.
911 ||| FLEEEEING.
Something hits you but does no damage.
You see here a frilled lizard corpse.
912 ||| STILL FLEEEEING.
913 ||| STILL FLEEEEING.
914 ||| FLEEEEING.
A magic dart appears from out of thin air!
The magic dart hits you!
915 ||| FLEEEEING.
916 ||| FLEEEEING.
You are confused.
You hear some strange, mumbled words.
You are more confused.
The frilled lizard bites you but does no damage.
The frilled lizard bites you but does no damage.
You hear some strange, mumbled words.
Something tries to affect you, but you resist.
Something hits you but does no damage.
The frilled lizard bites you but does no damage.
The frilled lizard bites you but does no damage.
Something hits you but does no damage.
The frilled lizard bites you but does no damage.
Something hits you.
The frilled lizard bites you but does no damage.
The frilled lizard bites you. Something hits you but does no damage.
The frilled lizard closely misses you.
You feel less confused. You block the frilled lizard's attack.
Something hits you.
You die...

....#.#.#.........#.......#
#####.#...........#.......#
........#.........#.......#
.......<#.........#.......#
##########........#.......#
.........+........#.......#
.......###........######### .
..................'.......##..
#######.##......@l#######.....
#.##............#..l....
#..#########{..%#$......
##.......# #............
#.......# #............
########.......#..............
.......'.......#.###...<......
########.......#.# #.######...
............##.##..# ..


You could see a frilled lizard.

Vanquished Creatures
  A dart slug (D:1)
  4 bats
  4 endoplasms
  3 hobgoblins
  3 quokkas
  3 frilled lizards
  2 kobolds (D:1)
  3 rats
23 creatures vanquished.

Notes
Turn   | Place    | Note
-------+----------+-------------------------------------------
     0 | D:1      | qw the Gargoyle Fighter began the quest for the Orb.
     0 | D:1      | Reached XP level 1. HP: 14/14 MP: 1/1
     0 | D:1      | 0 ||| qw: Version: 0.3-a-9-g12657ce
     0 | D:1      | 0 ||| qw: Game counter: 1199
     0 | D:1      | 0 ||| qw: Always use a shield: true
     0 | D:1      | 0 ||| qw: God list: Okawaru
     0 | D:1      | 0 ||| qw: Allow faded altars: false
     0 | D:1      | 0 ||| qw: Do Orc after D:15 true
     0 | D:1      | 0 ||| qw: Do second Lair branch before Depths: true
     0 | D:1      | 0 ||| qw: Lair rune preference: random
     0 | D:1      | 0 ||| qw: Plans: Normal, Zot:1-4, Slime:5, God:TSO, Crypt,
                  | Tomb, Abyss, Pan, Hells, Win
     0 | D:1      | 0 ||| PLANNING D:1-11
    42 | D:1      | 42 ||| Stepping ~*~*~tactically~*~*~ (stealth).
    49 | D:1      | 49 ||| Stepping ~*~*~tactically~*~*~ (stealth).
    58 | D:1      | 58 ||| Stepping ~*~*~tactically~*~*~ (hiding).
   136 | D:1      | 136 ||| Stepping ~*~*~tactically~*~*~ (stealth).
   137 | D:1      | 137 ||| Stepping ~*~*~tactically~*~*~ (stealth).
   153 | D:1      | Reached XP level 2. HP: 19/19 MP: 2/2
   232 | D:1      | 232 ||| Stepping ~*~*~tactically~*~*~ (stealth).
   420 | D:1      | 420 ||| Stepping ~*~*~tactically~*~*~ (stealth).
   683 | D:1      | 683 ||| UPGRADING to +0 chain mail.
   693 | D:1      | 693 ||| DROPPING +0 scale mail.
   694 | D:1      | 694 ||| READING scroll labelled ZUARPHYR CYNLUCH.
   695 | D:1      | 695 ||| READING scroll labelled ZEKIATWYUNA.
   696 | D:1      | 696 ||| READING scroll labelled BIGYNN CYIXI.
   717 | D:2      | Reached skill level 3 in Axes
   732 | D:2      | Identified the amulet "Qoiziwk" {rElec rC- rN+ Regen+}
   798 | D:2      | Reached XP level 3. HP: 18/23 MP: 3/3
   798 | D:2      | 798 ||| FLEEEEING.
   799 | D:2      | 799 ||| FLEEEEING.
   800 | D:2      | 800 ||| FLEEEEING.
   801 | D:2      | 801 ||| FLEEEEING.
   802 | D:2      | 802 ||| FLEEEEING.
   803 | D:2      | 803 ||| FLEEEEING.
   804 | D:2      | 804 ||| FLEEEEING.
   805 | D:2      | 805 ||| FLEEEEING.
   807 | D:2      | 807 ||| FLEEEEING.
   808 | D:2      | 808 ||| FLEEEEING.
   809 | D:2      | 809 ||| FLEEEEING.
   810 | D:2      | 810 ||| FLEEEEING.
   895 | D:2      | Noticed Sigmund
   896 | D:2      | 896 ||| Stepping ~*~*~tactically~*~*~ (hiding).
   911 | D:2      | 911 ||| FLEEEEING.
   914 | D:2      | 914 ||| FLEEEEING.
   914 | D:2      | HP: 5/23 [something/magic dart (7)]
   915 | D:2      | 915 ||| FLEEEEING.
   916 | D:2      | 916 ||| FLEEEEING.
   924 | D:2      | HP: 2/23 [something (5)]
   927 | D:2      | Slain by Sigmund

Levels and vault maps discovered:
D:1:      mrwooster_arrival_statue_2, layout_basic, minmay_small_reverse_x
D:2:      layout_basic, kennysheep_generic_room_11, uniq_sigmund

Skill      XL: |  1  2 |
---------------+-------+-----
Axes           | 2 3 |  3.1
Fighting       | |  3.2
Armour         | |  3.2
Shields        | |  3.2

Action                     || total
---------------------------++-------
  Melee: War axe           ||    56
  Throw: Boomerang         ||    20
    Use: Scroll            ||     3
 Armour: Scale mail        ||    32
         Chain mail        ||    24
  Dodge: Dodged            ||    28
  Block: Buckler           ||     6

Table legend:
 A = Non-vault XP
 B = Vault XP
 C = Vault XP percentage of total XP
 D = Non-vault monster count
 E = Vault monster count
 F = Vault count percentage of total count
                 A         B        C        D         E       F
            +---------+---------+-------+---------+---------+-------
      Total |      32 |       6 |  15.8 |      19 |       4 |  17.4
            +---------+---------+-------+---------+---------+-------
        D:1 |      22 |       6 |  21.4 |      12 |       4 |  25.0
        D:2 |      10 |       0 |   0.0 |       7 |       0 |   0.0
            +---------+---------+-------+---------+---------+-------
